 Dungeon Crawl Stone Soup version 0.20.0-10-g0535bb4 (webtiles) character file.

658 Kosschaser the Cleaver (level 7, -7/96 HPs)
             Began as a Hill Orc Berserker on June 5, 2017.
             Was a Believer of Trog.
             Mangled by Grinder (11 damage)
             ... on level 5 of the Dungeon.
             The game lasted 00:17:09 (5381 turns).

Kosschaser the Cleaver (Hill Orc Berserker)         Turns: 5381, Time: 00:17:10

Health: -7/96      AC:  3    Str: 25    XL:     7   Next: 55%
Magic:  7/7        EV: 13    Int:  7    God:    Trog [**....]
Gold:   288        SH:  0    Dex: 12    Spells: 6/6 levels left

rFire    . . .     SeeInvis .   a - +0 hand axe
rCold    . . .     Gourm    .   (no shield)
rNeg     . . .     Faith    .   b - +0 animal skin
rPois    .         Spirit   .   (no helmet)
rElec    .         Reflect  .   (no cloak)
rCorr    .         Harm     .   (no gloves)
MR       +++..                  (no boots)
Stlth    ..........             (no amulet)
Regen    1.3/turn               q - +1 ring of protection
MPRegen  0.1/turn               w - ring of protection from magic

@: berserking, regenerating, very quick
A: no striking features
a: Berserk, Trog's Hand, Burn Spellbooks, Renounce Religion


You were on level 5 of the Dungeon.
You worshipped Trog.
Trog was pleased with you.
You were near starving.

You visited 1 branch of the dungeon, and saw 5 of its levels.

You collected 288 gold pieces.

Inventory:

Hand Weapons
 a - a +0 hand axe (weapon)
Armour
 b - a +0 animal skin (worn)
Jewellery
 q - a +1 ring of protection (left hand)
 w - a ring of protection from magic (right hand)
Wands
 j - a wand of random effects (24/48)
 o - a wand of polymorph (12/24)
 u - a wand of paralysis (13/24)
Scrolls
 e - 4 scrolls of identify {unknown}
 f - 5 scrolls of fog {unknown}
 g - 6 scrolls of remove curse {unknown}
 k - 3 scrolls of teleportation {unknown}
 r - a scroll of immolation {unknown}
 t - a scroll of amnesia {unknown}
Potions
 h - a potion of magic {unknown}
 l - 2 potions of resistance
 m - a potion of lignification {unknown}
 n - a potion of curing
 p - a potion of berserk rage {unknown}
 s - a potion of cancellation {unknown}
Comestibles
 c - 3 bread rations
 d - a meat ration
 i - 4 royal jellies
 x - 2 fruits


   Skills:
 + Level 6.3 Fighting
 + Level 8.3 Axes
 + Level 2.2 Armour
 + Level 3.3 Dodging


You had 6 spell levels left.
You didn't know any spells.

Dungeon Overview and Level Annotations

Branches:
Dungeon (5/15)
 Temple: D:4-7

Altars:
Ashenzari
Fedhas
Hepliaklqana
Qazlal
Xom
Yredelemnul
Zin

Shops:
D:4 :

Annotations:
D:5 Grinder


Message History

Grinder hits you!
You writhe in agony.
You slash Grinder!
Grinder is heavily wounded.
Grinder hits you!
* * * LOW HITPOINT WARNING * * *
You writhe in agony.
* * * LOW HITPOINT WARNING * * *
You eat one of the 3 fruits.
You are feeling very hungry.
That peach was delicious!
You feel the effects of Trog's Hand fading.
Grinder hits you.
* * * LOW HITPOINT WARNING * * *
You writhe in agony.
* * * LOW HITPOINT WARNING * * *
A red film seems to cover your vision as you go berserk!
You feel yourself moving faster!
You feel mighty!
You are near starving!
Grinder hits you!
You die...

#........#
#........#
#........# .#
#........# ..#
##+#'#########
...# #.#..........
...#
####........##
....
............####
)...
#.###..5@.........
###.
#.........####
#.........#
###+#+#
#.#+#+###.#
........ ... .#
.......# #.## .# #
.......# #. .#
.......# #.# .#
.......# .. .#


You could see Grinder.

Vanquished Creatures
  A phantom (D:4)
  A bullfrog (D:4)
  3 scorpions (D:4)
  A crimson imp (D:3)
  2 orc priests
  An orc wizard (D:3)
  A centaur skeleton (D:4)
  2 iguanas
  A hound skeleton (D:5)
  4 adders
  2 oozes
  An adder skeleton (D:4)
  3 worms (D:4)
  2 dart slugs (D:2)
  6 leopard geckos
  7 orcs
  3 giant cockroaches
  10 goblins
  5 hobgoblins
  8 jackals
  4 quokkas
  2 ball pythons (D:1)
  6 bats
  7 frilled lizards
  6 kobolds
  5 rats
  A spectral orc (D:3)
95 creatures vanquished.

Vanquished Creatures (others)
  A quokka (D:5)
  4 toadstools (D:1)
5 creatures vanquished.

Grand Total: 100 creatures vanquished

Notes
Turn   | Place    | Note
-------+----------+-------------------------------------------
     0 | D:1      | Kosschaser the Hill Orc Berserker began the quest for the Orb.
     0 | D:1      | Reached XP level 1. HP: 19/19 MP: 1/1
   124 | D:1      | Reached XP level 2. HP: 18/27 MP: 2/2
   521 | D:1      | Reached XP level 3. HP: 33/33 MP: 3/3
   935 | D:2      | Reached ** piety under Trog
   948 | D:2      | Found a shimmering altar of Xom.
   996 | D:2      | Reached skill level 5 in Axes
  1254 | D:2      | Reached XP level 4. HP: 36/41 MP: 4/4
  2432 | D:3      | Reached XP level 5. HP: 32/47 MP: 5/5
  2441 | D:3      | Reached skill level 5 in Fighting
  2658 | D:3      | Reached skill level 6 in Axes
  2692 | D:3      | Found a basalt altar of Yredelemnul.
  2880 | D:3      | Reached XP level 6. HP: 52/56 MP: 6/6
  3348 | D:4      | You fall through a shaft!
  3348 | D:5      | Entered Level 5 of the Dungeon
  3416 | D:4      | Found a hazy altar of Hepliaklqana.
  3441 | D:4      | Noticed a phantom
  3533 | D:4      | Killed a phantom
  3533 | D:4      | Reached skill level 7 in Axes
  3760 | D:4      | Found a blossoming altar of Fedhas.
  3811 | D:4      | Found Asmulun's Book Emporium.
  3876 | D:4      | Reached XP level 7. HP: 39/63 MP: 7/7
  4168 | D:4      | Reached skill level 8 in Axes
  4568 | D:4      | Found a glowing silver altar of Zin.
  4574 | D:4      | Found a stormy altar of Qazlal.
  4773 | D:5      | Noticed a two-headed ogre
  5082 | D:5      | Found a shattered altar of Ashenzari.
  5348 | D:5      | Noticed Grinder
  5350 | D:5      | Paralysed by Grinder for 7 turns
  5380 | D:5      | HP: 2/64 [Grinder (5)]
  5381 | D:5      | Mangled by Grinder

Skill      XL: |  1  2  3  4  5  6  7 |
---------------+----------------------+-----
Fighting       | 4 5 6 |  6.3
Axes           | 5 6 7 8 |  8.3
Dodging        | 2 3 |  3.3
Armour         | |  2.2

Action                   |  1- 3 |  4- 6 |  7- 9 || total
-------------------------+-------+-------+-------++-------
Melee: Hand axe          |   103 |   282 |    76 ||   461
Invok: Trog's Hand       |       |     5 |     1 ||     6
       Berserk           |       |     1 |     1 ||     2
  Use: Potion            |       |     3 |       ||     3
 Stab: Sleeping          |       |     2 |       ||     2
  Eat: Chunk             |       |     8 |     2 ||    10
       Meat ration       |       |     1 |       ||     1
       Fruit             |       |       |     2 ||     2
Armor: Animal skin       |    19 |    27 |     9 ||    55
Dodge: Dodged            |    75 |   185 |    40 ||   300
